 Dungeon Crawl Stone Soup version 0.23.2-33-g5129a83184 (webtiles) character file.

Game seed: 14811568783557243331

136 Hebeh the Conjurer (level 4, -4/24 HPs)
             Began as a Deep Elf Conjurer on July 2, 2019.
             Killed by divine providence
             ... invoked by an orc priest
              (10 damage)
             ... on level 3 of the Dungeon.
             The game lasted 00:10:07 (2522 turns).

Hebeh the Conjurer (Deep Elf Conjurer)              Turns: 2522, Time: 00:10:11

Health: -4/24      AC:  5    Str:  5    XL:     4   Next: 98%
Magic:  10/13      EV: 13    Int: 21    God:
Gold:   155        SH:  0    Dex: 15    Spells: 12/13 levels left

rFire    . . .     SeeInvis .   b - +0 hunting sling
rCold    . . .     Gourm    .   (no shield)
rNeg     . . .     Faith    .   d - +0 robe
rPois    .         Spirit   .   p - +2 hat
rElec    .         Reflect  .   (no cloak)
rCorr    .         Harm     .   q - +0 pair of gloves
MR       .....                  (no boots)
Stlth    ++........             (no amulet)
HPRegen  0.08/turn              (no ring)
MPRegen  0.13/turn              (no ring)

@: no status effects
A: no striking features
a: no special abilities


You were on level 3 of the Dungeon.
You were not hungry.

You visited 1 branch of the dungeon, and saw 4 of its levels.

You collected 155 gold pieces.

Inventory:

Hand Weapons
 a - a +0 whip
 b - a +0 hunting sling (weapon)
Missiles
 e - 121 stones
 g - 4 sling bullets (quivered)
 j - 32 arrows
Armour
 d - a +0 robe (worn)
 p - a +2 hat (worn)
 q - a +0 pair of gloves (worn)
Scrolls
 f - a scroll of magic mapping {unknown}
 h - 3 scrolls of identify {unknown}
 k - 3 scrolls of remove curse
 l - a scroll of amnesia {unknown}
 n - a scroll of immolation {unknown}
Potions
 i - 2 potions of curing {unknown}
 m - a potion of degeneration {unknown}
 o - 2 potions of haste {unknown}
Comestibles
 c - 2 rations
 r - 6 chunks of flesh


   Skills:
 - Level 2.4 Dodging
 - Level 2.4 Stealth
 + Level 5.3 Spellcasting
 + Level 5.8 Conjurations


You had 12 spell levels left.
You knew the following spells:

 Your Spells              Type           Power        Failure   Level  Hunger
a - Magic Dart            Conj           ####         1%          1    None

Your spell library contained the following spells:

 Spells                   Type           Power        Failure   Level  Hunger
 Searing Ray              Conj           ####..       1%          2    None
 Dazzling Spray           Conj/Hex       ###...       10%         3    ##.....
 Iskenderun's Mystic Bla  Conj           ####....     10%         4    ####...
 Force Lance              Conj/Tloc      ###.....     30%         4    ####...
 Fulminant Prism          Conj/Hex       ###.......   30%         4    ####...


Dungeon Overview and Level Annotations

Branches:
Dungeon (4/15)
 Temple: D:4-7

Altars:
Kikubaaqudgha


Message History

Casting: Magic Dart (safe; 1% risk of failure)
Confirm with . or Enter, or press ? or * to list all spells.
Aiming: Magic Dart (safe; 1% risk of failure)
Press: ? - help, Shift-Dir - straight line, f/p - orc priest
Aim: an orc priest, wearing a +0 ring mail of magic resistance (moderately wounded)
The magic dart hits the orc priest.
The orc priest is heavily wounded.
The orc priest hits you. The rat bites you but does no damage.
Casting: Magic Dart (safe; 1% risk of failure)
Confirm with . or Enter, or press ? or * to list all spells.
Aiming: Magic Dart (safe; 1% risk of failure)
Press: ? - help, Shift-Dir - straight line, f/p - orc priest
Aim: an orc priest, wearing a +0 ring mail of magic resistance (heavily wounded)
The magic dart hits the orc priest.
The orc priest is severely wounded.
The orc hits you with a +0 hand axe.
* * * LOW HITPOINT WARNING * * *
The orc priest calls down the wrath of Beogh upon you.
Beogh smites you!
You die...

........... .. #...#..#
# ...#####...#
..........รท###
####..>...#######
##.##..........
###..######.#....
##..####...#######...###
(...((r@................
.##...oo.##########..###
.((.#.)### #...###
###.... #.#...# #..#.#
#..###.. ...##. ...# ###
... .. #### # ## ### ..
.


You could see an orc priest, an orc and a rat.

Vanquished Creatures
  5 adders (D:2)
  3 oozes
  2 worms (D:2)
  4 dart slugs
  3 leopard geckos
  7 orcs (D:3)
  2 giant cockroaches
  4 goblins
  3 hobgoblins
  6 jackals
  2 quokkas (D:3)
  2 bats
  3 frilled lizards
  3 kobolds
  9 rats
58 creatures vanquished.

Notes
Turn   | Place    | Note
-------+----------+-------------------------------------------
     0 | D:1      | Hebeh the Deep Elf Conjurer began the quest for the Orb.
     0 | D:1      | Reached XP level 1. HP: 10/10 MP: 6/6
   190 | D:1      | Reached XP level 2. HP: 15/15 MP: 4/8
   494 | D:1      | You fall through a shaft!
   616 | D:2      | Reached skill level 5 in Conjurations
   616 | D:2      | Reached XP level 3. HP: 19/19 MP: 2/10
  1253 | D:2      | Reached XP level 4. HP: 19/24 MP: 9/12
  1563 | D:2      | Reached skill level 5 in Spellcasting
  2014 | D:2      | Found an ancient bone altar of Kikubaaqudgha.
  2522 | D:3      | Killed from afar by an orc priest

Skill      XL: |  1  2  3  4 |
---------------+-------------+-----
Spellcasting   | 4 5 |  5.3
Conjurations   | 5 |  5.8
Dodging        | |  2.4
Stealth        | |  2.4

Action                   |  1- 3 |  4- 6 || total
-------------------------+-------+-------++-------
Melee: Whip              |     2 |       ||     2
 Fire: Hunting sling     |       |    42 ||    42
 Cast: Magic Dart        |    61 |    62 ||   123
  Use: Scroll            |     2 |       ||     2
  Eat: Chunk             |     1 |     4 ||     5
Armor: Robe              |     1 |     4 ||     5
Dodge: Dodged            |    15 |    27 ||    42
